 Dungeon Crawl Stone Soup version 0.26-a0-26-ge22fd8933b (webtiles) character file.

Game seed: 606338241177451681, levelgen mode: deterministic

93 Bapho the Bolt Thrower (level 4, -10/28 HPs)
             Began as a Kobold Hunter on May 27, 2020.
             Was an Initiate of Okawaru.
             Shot with an arrow by a centaur (13 damage)
             ... on level 3 of the Dungeon.
             The game lasted 00:03:28 (1486 turns).

Bapho the Bolt Thrower (Kobold Hunter)              Turns: 1486, Time: 00:03:29

Health: -10/28     AC:  4    Str:  9    XL:     4   Next: 92%
Magic:  4/4        EV: 16    Int: 12    God:    Okawaru [......]
Gold:   122        SH:  0    Dex: 16    Spells: 3/3 levels left

rFire    . . .     SeeInvis +   a - +1 hand crossbow
rCold    . . .     Gourm    .   (shield restricted)
rNeg     . . .     Faith    .   c - +0 leather armour
rPois    +         Spirit   .   (no helmet)
rElec    .         Reflect  .   i - +0 cloak
rCorr    .         Harm     .   (no gloves)
MR       .....                  (no boots)
Stlth    ++........             (no amulet)
HPRegen  0.09/turn              j - ring of poison resistance
MPRegen  0.09/turn              q - ring of see invisible

@: no status effects
A: small, carnivore
a: Renounce Religion


You were on level 3 of the Dungeon.
You worshipped Okawaru.
Okawaru was noncommittal.
You were completely stuffed.

You visited 1 branch of the dungeon, and saw 3 of its levels.

You collected 122 gold pieces.

Inventory:

Hand Weapons
 a - a +1 hand crossbow (weapon)
 b - a +0 short sword
 p - a +0 short sword
Missiles
 d - 20 bolts (quivered)
Armour
 c - a +0 leather armour (worn)
 i - a +0 cloak (worn)
Jewellery
 j - a ring of poison resistance (left hand)
 q - a ring of see invisible (right hand)
Scrolls
 g - 4 scrolls of teleportation {unknown}
 h - a scroll of random uselessness {unknown}
 k - 2 scrolls of fog {unknown}
 l - a scroll of remove curse {unknown}
 m - a scroll of enchant armour {unknown}
 o - 3 scrolls of identify {unknown}
 r - a scroll of fear {unknown}
 s - 2 scrolls of immolation {unknown}
Potions
 e - a potion of lignification {unknown}
 t - 3 potions of magic {unknown}
Comestibles
 f - 9 rations


   Skills:
 + Level 3.4 Fighting
 + Level 5.7 Crossbows
 + Level 3.7 Dodging
 - Level 1.3 Stealth


You had 3 spell levels left.
You didn't know any spells.
Your spell library was empty.

Dungeon Overview and Level Annotations

Branches:
Dungeon (3/15)

Altars:
Okawaru
Wu Jian

Annotations:
D:3 Grinder


Innate Abilities, Weirdness & Mutations

You are small and have problems with some larger weapons.
You are carnivorous and can eat meat at any time.


Message History

The centaur hits you. The goblin misses you.
You are too injured to fight recklessly!
You are too injured to fight recklessly!
Firing (i - inventory)
d - 21 bolts (quivered)
Press: ? - help, Shift-Dir - straight line, f/p - centaur
Aim: a centaur, quivering 27 arrows (severely wounded)
You shoot a bolt. The bolt closely misses the centaur.
Grinder shouts!
The bolt hits Grinder!
Grinder is moderately wounded.
You hear a shout!
The centaur barely misses you. The centaur hits you!
The goblin barely misses you.
The centaur hits you but does no damage.
The centaur wields a +0 shortbow.
The centaur shoots an arrow.
The arrow barely misses you.
The centaur shoots an arrow.
The arrow hits you.
* * * LOW HITPOINT WARNING * * *
The centaur shoots an arrow.
The arrow hits you!
You die...

.....(#
...(...
!......##
......(g#
#(## #.c#
#####+##.##
#.........#
#.....@.#(#
#.......#.#
#.......#..
#.......##.#
#.....[.# .#
#.......# [.
#)#######
#.# #)#


You could see a centaur.

Vanquished Creatures
  3 adders
  3 oozes
  A worm (D:2)
  3 dart slugs
  A leopard gecko (D:3)
  2 ball pythons
  2 giant cockroaches
  5 goblins
  6 hobgoblins
  A quokka (D:2)
  5 bats
  A frilled lizard (D:2)
  9 kobolds
  3 rats
45 creatures vanquished.

Notes
Turn   | Place    | Note
-------+----------+-------------------------------------------
     0 | D:1      | Bapho the Kobold Hunter began the quest for the Orb.
     0 | D:1      | Reached XP level 1. HP: 12/12 MP: 1/1
     3 | D:1      | Noticed an electric eel
     3 | D:1      | Noticed an electric eel
    97 | D:1      | Reached skill level 5 in Crossbows
    97 | D:1      | Reached XP level 2. HP: 18/18 MP: 2/2
   259 | D:1      | Reached XP level 3. HP: 22/22 MP: 3/3
   872 | D:2      | Reached XP level 4. HP: 28/28 MP: 4/4
   949 | D:2      | Found an iron altar of Okawaru.
   971 | D:2      | Became a worshipper of Warmaster Okawaru
  1107 | D:2      | Found an ornate altar of the Wu Jian Council.
  1471 | D:3      | Noticed a centaur
  1481 | D:3      | Noticed Grinder
  1486 | D:3      | Shot with an arrow by a centaur

Illustrated notes

Levels and vault maps discovered:
D:1:      arrival_aquarium_b, layout_loops_ring
D:2:      layout_basic, nicolae_overflow_crystal_walls, marbit_many_paths
D:3:      kennysheep_the_goblin_king, layout_basic, kennysheep_generic_room_13,
          uniq_grinder

Skill      XL: |  1  2  3 |
---------------+----------+-----
Crossbows      | 5 |  5.7
Dodging        | 3 |  3.7
Fighting       | 3 |  3.4
Stealth        | |  1.3

Action                   |  1- 3 |  4- 6 || total
-------------------------+-------+-------++-------
Melee: Short sword       |       |     1 ||     1
 Fire: Hand crossbow     |    45 |    54 ||    99
  Eat: Chunk             |     8 |     2 ||    10
Armor: Leather armour    |       |     6 ||     6
Dodge: Dodged            |     5 |    27 ||    32

Table legend:
 A = Non-vault XP
 B = Vault XP
 C = Vault XP percentage of total XP
 D = Non-vault monster count
 E = Vault monster count
 F = Vault count percentage of total count
                 A         B        C        D         E       F
            +---------+---------+-------+---------+---------+-------
      Total |     132 |       2 |   1.5 |      44 |       1 |   2.2
            +---------+---------+-------+---------+---------+-------
        D:1 |      43 |       0 |   0.0 |      17 |       0 |   0.0
        D:2 |      64 |       2 |   3.0 |      19 |       1 |   5.0
        D:3 |      25 |       0 |   0.0 |       8 |       0 |   0.0
            +---------+---------+-------+---------+---------+-------
